 Dungeon Crawl Stone Soup version 0.29.1-12-g30fa7ad0bf (webtiles) character file.

Game seed: 3982448125047042227

91 ChadusMaximus the Trooper (level 4, -5/41 HPs)
             Began as a Minotaur Fighter on Dec 12, 2022.
             Killed from afar by an orc wizard (11 damage)
             ... with a puff of flame
             ... on level 3 of the Dungeon.
             The game lasted 00:01:00 (2351 turns).

ChadusMaximus the Trooper (Minotaur Fighter)        Turns: 2351, Time: 00:01:01

Health: -5/41      AC:  7    Str: 22    XL:     4   Next: 33%
Magic:  3/3        EV:  9    Int:  5    God:
Gold:   186        SH:  4    Dex: 10    Spells: 3/3 levels left

rFire   . . .      SeeInvis .   a - +0 war axe
rCold   . . .      Faith    .   c - +0 buckler
rNeg    . . .      Spirit   .   b - +0 scale mail
rPois   .          Reflect  .   (helmet restricted)
rElec   .          Harm     .   e - scarf {repulsion}
rCorr   .          Rampage  .   (no gloves)
Will    .....                   (no boots)
Stlth   ..........              (no amulet)
HPRegen 0.13/turn               (no ring)
MPRegen 0.08/turn               (no ring)

@: repel missiles
A: horns 2, retaliatory headbutt
a: no special abilities


You were on level 3 of the Dungeon.
You visited 1 branch of the dungeon, and saw 3 of its levels.

You collected 186 gold pieces.

Inventory:

Hand Weapons
 a - a +0 war axe (weapon)
Armour
 b - a +0 scale mail (worn)
 c - a +0 buckler (worn)
 e - a scarf of repulsion (worn)
Jewellery
 j - a +6 ring of dexterity
 n - a ring of protection from fire
Scrolls
 f - a scroll of immolation {unknown}
 i - 2 scrolls of identify {unknown}
 k - a scroll of summoning {unknown}
 m - a scroll of magic mapping {unknown}
 o - a scroll of blinking {unknown}
 q - 2 scrolls of enchant weapon {unknown}
Potions
 d - a potion of might
 g - 2 potions of haste {unknown}
 h - 2 potions of berserk rage {unknown}
 l - a potion of invisibility {unknown}
 p - a potion of resistance {unknown}


   Skills:
 + Level 4.4 Fighting
 + Level 3.5 Axes
 + Level 4.4 Armour
 + Level 4.4 Shields


You had 3 spell levels left.
You didn't know any spells.
Your spell library contained the following spells:

 Spells                   Type           Power      Damage    Failure   Level
 Ensorcelled Hibernation  Hex/Ice        0%         N/A       95%         2
 Spider Form              Tmut/Pois      0%         N/A       99%         3
 Anguish                  Hex/Necr       0%         N/A       100%        4


Dungeon Overview and Level Annotations

Branches:
Dungeon (3/15)

Altars:


Innate Abilities, Weirdness & Mutations

You have a pair of horns on your head.
You reflexively headbutt those who attack you in melee.


Message History

You hear some strange, mumbled words.
You are confused.
Something hits you. The orc misses you.
You see here a +0 whip.
The orc misses you. Something hits you. Something hits you.
* * * LOW HITPOINT WARNING * * *
The orc hits you with a +0 trident.
* * * LOW HITPOINT WARNING * * *
The orc hits you but does no damage.
You closely miss the orc.
The orc is lightly wounded.
You barely miss something. The orc misses you.
Something hits you but does no damage.
Unknown command.
You bump into the rock wall.
The orc closely misses you. Something hits you but does no damage.
You feel less confused. The orc hits you with a +0 trident.
* * * LOW HITPOINT WARNING * * *
You block something's attack.
You slash something! You slash the orc!
You kill the orc!
Something hits you but does no damage.
You hear some strange, mumbled words.
You are confused.
You miss something. Your headbutt misses something.
Something hits you but does no damage.
You closely miss something. Your headbutt misses something.
You hear some strange, mumbled words.
A puff of flame appears from out of thin air!
The puff of flame is repelled.
Something hits you.
* * * LOW HITPOINT WARNING * * *
You miss something.
You feel less confused.
You hear some strange, mumbled words.
A puff of flame appears from out of thin air!
The puff of flame hits you!
You die...

##.###.#
####...##.########
#....#(........>.###
#.##...##...........
#.###.#####........
#.# #.#####.###.###
#.# #............##
#.# #######))###..#.
#.# #@{).....?.. #.#
#......####. #.#
#..###.# #.# ##.. .#
#.# .... .. #.####
.###.# ## #....###..
.# #...<.... .#
#....###### #


There were no monsters in sight!

Vanquished Creatures
  Jessica (D:2)
  2 adders
  A worm (D:2)
  2 dart slugs (D:1)
  6 orcs (D:3)
  An endoplasm (D:3)
  A giant cockroach (D:1)
  4 goblins (D:2)
  2 hobgoblins
  2 quokkas
  4 ball pythons
  2 bats
  A frilled lizard (D:1)
  2 kobolds (D:2)
  2 rats
33 creatures vanquished.

Vanquished Creatures (others)
  A plant (D:2)
1 creature vanquished.

Grand Total: 34 creatures vanquished

Notes
Turn   | Place    | Note
-------+----------+-------------------------------------------
     0 | D:1      | ChadusMaximus the Minotaur Fighter began the quest for the
                  | Orb.
     0 | D:1      | Reached XP level 1. HP: 19/19 MP: 0/0
   334 | D:1      | Reached XP level 2. HP: 27/27 MP: 1/1
  1073 | D:2      | Reached XP level 3. HP: 31/33 MP: 2/2
  1338 | D:2      | Noticed Jessica
  1341 | D:2      | Killed Jessica
  1711 | D:2      | Found a faded altar of an unknown god.
  1829 | D:2      | Reached XP level 4. HP: 41/41 MP: 3/3
  2351 | D:3      | Killed from afar by an orc wizard

Illustrated notes

Levels and vault maps discovered:
D:1:      dpeg_arrival_solitude, layout_loops_ring
D:2:      cheibrodos_old_hovel, layout_basic, nicolae_ecumenical_lake_church,
          uniq_jessica
D:3:      layout_loops_ring, minmay_misc_feat_columns, columned_hall_lemuel,
          roderic_malta_cross

Skill      XL: |  1  2 |
---------------+-------+-----
Fighting       | 4 |  4.4
Axes           | 3 |  3.5
Armour         | 4 |  4.4
Shields        | 4 |  4.4

Action                   |  1- 3 |  4- 6 || total
-------------------------+-------+-------++-------
Melee: War axe           |    73 |    24 ||    97
       Headbutt          |     9 |       ||     9
Armor: Scale mail        |    38 |    19 ||    57
Dodge: Dodged            |    26 |    12 ||    38
       Repelled          |       |     1 ||     1
Block: Buckler           |    19 |     7 ||    26
